 Dungeon Crawl Stone Soup version 0.28-a0-984-g3775c662fe (webtiles) character file.

Game seed: 12969621834439957500

0 meatgazer the Skirmisher (level 1, 0/18 HPs)
             Began as a Demonspawn Abyssal Knight on Dec 3, 2021.
             Was a Follower of Lugonu.
             Killed by divine providence
             ... invoked by a smoke demon
              (11 damage)
             ... on level 1 of the Abyss.
             The game lasted 00:00:17 (146 turns).

meatgazer the Skirmisher (Demonspawn Abyssal Knight) Turns: 146, Time: 00:00:18

Health: 0/18       AC:  3    Str: 13    XL:     1   Next: 0%
Magic:  2/2        EV: 11    Int: 11    God:    Lugonu [*.....]
Gold:   0          SH:  0    Dex: 13    Spells: 0/0 levels left

rFire   . . .      SeeInvis .   a - +1 falchion
rCold   . . .      Faith    .   (no shield)
rNeg    . . .      Spirit   .   b - +0 leather armour
rPois   .          Reflect  .   (no helmet)
rElec   .          Harm     .   (no cloak)
rCorr   .          Rampage  .   (no gloves)
Will    .....                   (no boots)
Stlth   +.........              (no amulet)
HPRegen 0.00/turn               (no ring)
MPRegen 0.08/turn               (no ring)

@: sick
A: no striking features
a: Renounce Religion, Depart the Abyss


You were on level 1 of the Abyss.
You worshipped Lugonu.
Lugonu was aware of your devotion.
You visited 0 branches of the dungeon, and saw 0 of its levels.
You visited the Abyss 1 time.

Inventory:

Hand Weapons
 a - a +1 falchion (weapon)
Armour
 b - a +0 leather armour (worn)


   Skills:
 + Level 3.0 Fighting
 + Level 1.7 Long Blades
 + Level 1.7 Armour
 + Level 0.8 Dodging
 + Level 2.4 Invocations


You couldn't memorise any spells.
You didn't know any spells.
Your spell library was empty.

Dungeon Overview and Level Annotations

Branches:
Dungeon (0/15)

Altars:


Message History

Welcome, meatgazer the Demonspawn Abyssal Knight.
You feel drawn to the Orb of Zot, downwards into the unfathomable depths...
Lugonu says: Depart the Abyss and spread corruption, my servant! (use the ability menu to exit the Abyss) Press ? for a list of commands and other information.
Found a corrupted altar of Lugonu.
Found a gateway leading out of the Abyss.
There is a gateway leading out of the Abyss here.
An orange demon comes into view.
Unknown command.
The orange demon screeches!
A lurking horror comes into view.
An iron imp comes into view.
You enter the shallow water.
Moving in this stuff is going to be slow.
Your body is wracked with pain!
A white imp comes into view.
The white imp shouts, "Slither home, thou pribbling guts-griping pustule!"
An ancient zyme comes into view.
You feel yourself growing ill in the presence of the ancient zyme.
A smoke demon comes into view.
The smoke demon roars!
You feel ill.
Found a runed dagger.
You feel ill.
You feel ill. The smoke demon gestures at you. Something smites you!
Ouch! That really hurt!
You die...

#. ... # .. .. ##
#. .## ....## .#..
.#...# .§.# ....#
##..#...#
####.##.#.....# ≈
≈......@##
≈≈.≈≈.###....#
≈.≈≈≈.###...#.#
...≈≈.....#x#..#
....)#.##...# .#
........4.#...#.
......#..#..#.#..
.......3#....#...#
......#5###...#...


You could see an orange demon, an ancient zyme and a smoke demon.

Vanquished Creatures (others)
  A lurking horror (Abyss:1)
1 creature vanquished.

Notes
Turn   | Place    | Note
-------+----------+-------------------------------------------
     0 | Abyss:1  | meatgazer the Demonspawn Abyssal Knight began the quest for
                  | the Orb.
     0 | Abyss:1  | Reached XP level 1. HP: 18/18 MP: 2/2
   106 | Abyss:1  | Noticed an orange demon
   117 | Abyss:1  | Noticed an iron imp
   129 | Abyss:1  | Noticed an ancient zyme
   132 | Abyss:1  | Noticed a smoke demon
   146 | Abyss:1  | Killed from afar by a smoke demon

Illustrated notes

Levels and vault maps discovered:
Abyss:1:  base: Temple, base: Temple, lemuel_firewalk_3

Table legend: (Time is in decaauts)
 A = Elapsed time spent in this place.
 B = Non-inter-level travel time spent in this place.
 C = Inter-level travel time spent in this place.
 D = Time resting spent in this place.
 E = Time spent auto-exploring this place.
 F = Levels seen in this place.
 G = Mean time per level.
                   A        B        C        D        E       F      G
               +--------+--------+--------+--------+--------+-----+--------+
         Total |    147 |    147 |      0 |      0 |    105 |   1 |  147.0 |
         Abyss |    147 |    147 |      0 |      0 |    105 |   1 |  147.0 |
               +--------+--------+--------+--------+--------+-----+--------+

Top non-repeatable levels by time:
 Abyss:1: 147 daAuts
